 Dungeon Crawl Stone Soup version 0.30-a0-723-gc1506a1cf0 (webtiles) character file.

Game seed: 15707708686980031606

31007 Legacy the Warrior (level 13, -1/133 HPs)
             Began as a Minotaur Berserker on Jan 28, 2023.
             Was a High Priest of Trog.
             Killed from afar by a deep elf zephyrmancer (24 damage)
             ... with a bolt of lightning
             ... on level 13 of the Dungeon.
             The game lasted 00:46:11 (20149 turns).

Legacy the Warrior (Minotaur Berserker)            Turns: 20149, Time: 00:46:12

Health: -1/133     AC: 21    Str: 24 (25) XL:     13   Next: 23%
Magic:  12/12      EV: 12    Int:  4      God:    Trog [*****.]
Gold:   1170       SH:  0    Dex: 16      Spells: 12/12 levels left

rFire   . . .      SeeInvis .    N - +1 war axe (drain)
rCold   + . .      Faith    .    f - orb {light}
rNeg    . . .      Spirit   .    T - +1 plate armour {rC+}
rPois   .          Reflect  .    (helmet restricted)
rElec   .          Harm     .    (no cloak)
rCorr   .          Rampage  .    u - +0 pair of gloves
Will    .....                    O - +0 pair of boots Stlth
                                 (no amulet)
HPRegen 0.42/turn                d - +6 ring of dexterity
MPRegen 0.13/turn                K - ring of flight

@: about to teleport, flying, glowing
A: horns 2, retaliatory headbutt, fangs 1, clumsy 1, deterioration 1, screaming
1
a: Renounce Religion, Berserk, Trog's Hand, Brothers in Arms


You were on level 13 of the Dungeon.
You worshipped Trog.
Trog was extremely pleased with you.
You visited 2 branches of the dungeon, and saw 17 of its levels.
You also visited: Ossuary and Volcano.

You collected 1503 gold pieces.
You spent 333 gold pieces at shops.

Inventory:

Hand Weapons
 v - a +0 glaive
 x - a +0 battleaxe
 D - a +2 war axe of venom
 N - a +1 war axe of draining (weapon)
 Q - a +2 heavy great mace
Missiles
 s - 2 throwing nets (quivered)
Armour
 f - an orb of light (worn)
 u - a +0 pair of gloves (worn)
 O - a +0 pair of boots (worn)
 P - the +2 cloak of the Devil {rElec rC+ Will- Int+3}
   (You bought it in a shop on level 3 of the Dungeon)

   Int:       It affects your intelligence (+3).
   rC:        It protects you from cold.
   rElec:     It insulates you from electricity.
   Will:      It decreases your willpower.
 T - a +1 plate armour of cold resistance (worn)
Jewellery
 d - a +6 ring of dexterity (left hand)
 J - a ring of ice
 K - a ring of flight (right hand)
Wands
 k - a wand of charming (10)
 n - a wand of mindburst (4)
 r - a wand of flame (22)
 y - a wand of polymorph (4)
 I - a wand of iceblast (20)
Scrolls
 b - 2 scrolls of immolation
 c - 4 scrolls of vulnerability
 h - 4 scrolls of enchant armour
 i - 4 scrolls of teleportation
 j - 2 scrolls of poison
 o - 6 scrolls of fog
 q - a scroll of silence
 z - 4 scrolls of brand weapon
Potions
 e - 3 potions of haste {unknown}
 g - 4 potions of attraction
 l - 8 potions of flight
 m - a potion of berserk rage {unknown}
 p - 5 potions of curing
 t - 4 potions of lignification {unknown}
 w - a potion of ambrosia {unknown}
 B - 3 potions of heal wounds
 C - 2 potions of brilliance {unknown}
 E - a potion of experience {unknown}
 F - 2 potions of might
 G - a potion of magic {unknown}
 L - 2 potions of resistance {unknown}
 M - 3 potions of cancellation {unknown}
 R - 2 potions of invisibility
Miscellaneous
 A - a piece from Xom's chessboard (15/15)


   Skills:
 * Level 17.6 Fighting
 + Level 10.7 Axes
 * Level 14.7 Armour
 * Level 10.0 Dodging
 + Level 2.2 Stealth


You had 12 spell levels left.
You didn't know any spells.
Your spell library was empty.

Dungeon Overview and Level Annotations

Branches:
Dungeon (15/15)            Temple (0/1) D:4            Lair (0/5) D:8
    Orc (2/2) D:9             Elf (0/3) Orc:2       Ossuary (visited)
Volcano (visited)
 Vaults: D:13-14     Depths: D:15

Altars:
Cheibriados
Dithmenos
Gozag
Kikubaaqudgha
Makhleb
Nemelex Xobeh
Okawaru
Ru
Trog
Vehumet
Xom
Yredelemnul
Zin

Shops:
D:3 [   D:9 =*=[*   D:11 [   Orc:2 =(*[[

Portals:
Trove: D:13 (give 7 scrolls of fear)


Innate Abilities, Weirdness & Mutations

You have a pair of horns on your head.
You reflexively headbutt those who attack you in melee.
You have very sharp teeth.
You are clumsy. (Dex -2)
Your body sometimes deteriorates upon taking damage.
You occasionally shout uncontrollably at your foes.


Message History

Press: ? - help, Dir - move target, f/p - tengu warrior
Aim: a tengu warrior, wielding a +0 battleaxe and wearing a +0 leather armour (moderately wounded, haloed, about 34% to evade your +1 war axe of draining)
You closely miss the tengu warrior. You headbutt the tengu warrior!
The tengu warrior is moderately wounded.
The tengu warrior hits you with a +0 battleaxe!
* * * LOW HITPOINT WARNING * * *
The tengu warrior pecks you but does no damage.
The tengu warrior closely misses you.
Cleave: N) +1 war axe (drain)
Press: ? - help, Dir - move target, f/p - tengu warrior
Aim: a tengu warrior, wielding a +0 battleaxe and wearing a +0 leather armour (moderately wounded, haloed, about 34% to evade your +1 war axe of draining)
You hit the tengu warrior. Your headbutt misses the tengu warrior.
The tengu warrior is moderately wounded.
The tengu warrior hits you but does no damage.
The tengu warrior pecks you.
* * * LOW HITPOINT WARNING * * *
The tengu warrior misses you.
Cleave: N) +1 war axe (drain)
Press: ? - help, Dir - move target, f/p - tengu warrior
Aim: a tengu warrior, wielding a +0 battleaxe and wearing a +0 leather armour (moderately wounded, haloed, about 34% to evade your +1 war axe of draining)
You hit the tengu warrior. You drain the tengu warrior.
The tengu warrior is heavily wounded.
The tengu warrior closely misses you.
The tengu warrior pecks you but does no damage.
The tengu warrior misses you.
As you read the scroll of teleportation, it crumbles to dust.
You feel strangely unstable.
The tengu warrior hits you with a +0 battleaxe.
* * * LOW HITPOINT WARNING * * *
The tengu warrior misses you. The tengu warrior barely misses you.
The tengu warrior attacks as you move away!
The tengu warrior hits you but does no damage.
The tengu warrior pecks you but does no damage.
The tengu warrior claws you but does no damage.
Your surroundings suddenly seem different.
As you read the scroll of teleportation, it crumbles to dust.
You feel strangely unstable.
The deep elf zephyrmancer casts a spell at you.
The bolt of lightning misses you. The bolt of lightning hits you!!
You die...

### ## #@##..### #
#####........
....#............
.................
...#..#.:.................#
...#...........##e........#
.........................#
.........................##
..........................#


You could see a deep elf zephyrmancer.

Vanquished Creatures
  An ogre mage (D:13)
  A hydra (D:13)
  2 boulder beetles
  3 centaur warriors
  A two-headed ogre (D:13)
  4 orc high priests
  5 orc sorcerers
  3 orc knights (Orc:2)
  4 ugly things (D:13)
  A wolf spider (D:13)
  5 cyclopes
  Joseph (D:8)
  A yaktaur (D:13)
  3 unseen horrors
  2 trolls
  Prince Ribbit (D:5)
  6 slime creatures (D:13)
  14 yaks
  4 shadows
  2 wyverns
  A vampire (D:12)
  A basilisk (D:12)
  A wraith (D:10)
  6 vampire mosquitoes
  A steam dragon (D:7)
  Edmund (D:5)
  5 wargs
  An acid dragon (shapeshifter) (D:13)
  An acid dragon (D:10)
  2 water moccasins
  33 orc warriors
  2 ice beasts
  2 sky beasts
  A black bear (D:6)
  7 ogres
  4 centaurs
  2 kobold brigands
  Blork the orc (D:4)
  3 gnoll sergeants
  A necrophage (D:6)
  2 bullfrogs
  A scorpion (D:4)
  5 wights (D:8)
  6 killer bees (D:9)
  A howler monkey (D:6)
  A centaur zombie (Ossuary)
  2 jellies
  A gnoll bouda (D:9)
  4 hounds
  32 orc priests
  Ijyb (D:3)
  Terence (D:3)
  5 iguanas
  43 orc wizards
  4 mummies (Ossuary)
  19 gnolls
  5 adders
  A shadow imp (D:7)
  2 white imps
  An ufetubus (D:6)
  3 worms (D:2)
  4 dart slugs
  79 orcs
  12 ball pythons
  8 bats
  11 endoplasms
  4 giant cockroaches
  4 gnoll zombies (Ossuary)
  6 hobgoblins
  5 quokkas
  3 frilled lizards
  6 goblins
  A hobgoblin zombie (Ossuary)
  17 kobolds
  A kobold zombie (Ossuary)
  An orc zombie (Ossuary)
  6 rats
  A spectral orc (D:4)
449 creatures vanquished.

Vanquished Creatures (collateral kills)
  A wight (D:8)
1 creature vanquished.

Vanquished Creatures (others)
  An orc warrior (D:9)
  An orc (Orc:2)
  2 fungi (Orc:2)
  2 withered plants (D:13)
6 creatures vanquished.

Grand Total: 456 creatures vanquished

Notes
Turn   | Place    | Note
-------+----------+-------------------------------------------
     0 | D:1      | Legacy the Minotaur Berserker began the quest for the Orb.
     0 | D:1      | Reached XP level 1. HP: 19/19 MP: 0/0
    94 | D:1      | Reached skill level 4 in Fighting
   184 | D:1      | Reached XP level 2. HP: 24/28 MP: 1/1
   536 | D:1      | Reached skill level 5 in Fighting
   580 | D:1      | Reached XP level 3. HP: 36/36 MP: 2/2
  1180 | D:2      | Upgraded the game from 0.30-a0-722-g3e6e8c874d to
                  | 0.30-a0-723-gc1506a1cf0
  1347 | D:2      | Reached ** piety under Trog
  1348 | D:2      | Reached skill level 6 in Fighting
  1348 | D:2      | Reached XP level 4. HP: 36/44 MP: 3/3
  2159 | D:3      | Noticed Ijyb
  2185 | D:3      | Killed Ijyb
  2304 | D:3      | Found Rokunyritz's Antique Armour Boutique.
  2314 | D:3      | Reached skill level 7 in Fighting
  2314 | D:3      | Reached XP level 5. HP: 42/52 MP: 4/4
  2410 | D:3      | Noticed Terence
  2428 | D:3      | Killed Terence
  2724 | D:3      | Found a sacrificial altar of Ru.
  3220 | D:3      | Reached *** piety under Trog
  3310 | D:4      | Reached skill level 8 in Fighting
  3320 | D:4      | Reached XP level 6. HP: 29/61 MP: 5/5
  3512 | D:4      | Noticed Blork the orc
  3524 | D:4      | Killed Blork the orc
  3818 | D:4      | Found a staircase to the Ecumenical Temple.
  3828 | D:4      | Reached skill level 9 in Fighting
  3915 | D:4      | Found a basalt altar of Yredelemnul.
  4052 | D:5      | Entered Level 5 of the Dungeon
  4052 | D:5      | Noticed Edmund
  4052 | D:5      | Found a sand-covered staircase.
  4063 | D:5      | Killed Edmund
  4064 | D:5      | Reached XP level 7. HP: 71/71 MP: 6/6
  4140 | Ossuary  | Entered an ossuary
  4161 | Ossuary  | Reached skill level 10 in Fighting
  4853 | D:5      | Noticed Prince Ribbit
  4884 | D:5      | Killed Prince Ribbit
  4885 | D:5      | Reached skill level 11 in Fighting
  4888 | D:5      | Reached XP level 8. HP: 24/83 MP: 7/7
  5497 | D:6      | Reached skill level 12 in Fighting
  5816 | D:6      | Found a glowing silver altar of Zin.
  5816 | D:6      | Found a sparkling altar of Nemelex Xobeh.
  6392 | D:6      | Reached **** piety under Trog
  6473 | D:6      | Reached skill level 13 in Fighting
  6525 | D:6      | Reached XP level 9. HP: 23/93 MP: 8/8
  6526 | D:6      | Reached skill level 5 in Armour
  6891 | D:6      | Reached skill level 1 in Stealth
  7143 | D:7      | Found a bloodstained altar of Trog.
  7696 | D:7      | Reached skill level 5 in Dodging
  7852 | D:3      | Bought a steaming cloak for 237 gold pieces
  7852 | D:3      | Identified the +2 cloak of the Devil {rElec rC+ Will-
                  | Int+3} (You bought it in a shop on level 3 of the Dungeon)
  8020 | D:7      | Found a snail-covered altar of Cheibriados.
  8114 | D:7      | Found a shimmering altar of Xom.
  8124 | D:7      | Found a radiant altar of Vehumet.
  8138 | D:7      | Found an ancient bone altar of Kikubaaqudgha.
  8154 | D:7      | Found an opulent altar of Gozag.
  8333 | D:8      | Found a burning altar of Makhleb.
  8423 | D:8      | Found a staircase to the Lair.
  8689 | D:8      | Reached skill level 14 in Fighting
  8689 | D:8      | Reached XP level 10. HP: 103/103 MP: 9/9
  8729 | D:8      | Noticed Joseph
  8738 | D:8      | Killed Joseph
  9197 | D:9      | Found Rusheh's Antique Armour Boutique.
  9256 | D:9      | Found Juizome's Assorted Antiques.
  9266 | D:9      | Bought 3 scrolls labelled HUSSAR VAR ZALU for 96 gold
                  | pieces
  9372 | D:9      | Found Piczut's Jewellery Shoppe.
  9454 | D:9      | Found Mayff's Jewellery Shop.
  9669 | D:9      | Found an iron altar of Okawaru.
  9767 | D:9      | Reached ***** piety under Trog
  9776 | D:9      | Reached skill level 10 in Armour
 10020 | D:9      | Found a staircase to the Orcish Mines.
 10192 | D:9      | Found a shadowy altar of Dithmenos.
 10199 | D:9      | Reached skill level 15 in Fighting
 10462 | D:9      | Found Doxzywag's General Store.
 10698 | D:10     | Entered Level 10 of the Dungeon
 10782 | D:10     | Noticed a centaur warrior
 10791 | D:10     | Killed a centaur warrior
 10792 | D:10     | Reached XP level 11. HP: 58/113 MP: 10/10
 12018 | D:11     | Noticed a boulder beetle
 12043 | D:11     | Killed a boulder beetle
 12044 | D:11     | Reached skill level 16 in Fighting
 12064 | D:11     | Found Mierch's Armour Shop.
 12079 | D:11     | Noticed Maurice
 12081 | D:11     | Maurice changed into Maurice the kobold
 12081 | D:11     | Noticed Maurice
 12085 | D:11     | Killed Maurice the kobold
 12563 | D:11     | Reached skill level 5 in Axes
 12759 | Orc:1    | Entered Level 1 of the Orcish Mines
 13086 | Orc:1    | Found a dark tunnel.
 13096 | Volcano  | Entered a volcano
 13192 | Orc:1    | Noticed an orc high priest
 13204 | Orc:1    | Killed an orc high priest
 13302 | Orc:1    | Noticed an orc sorcerer
 13303 | Orc:1    | Paralysed by an orc sorcerer for 5 turns
 13316 | Orc:1    | Killed an orc sorcerer
 13833 | Orc:2    | Entered Level 2 of the Orcish Mines
 13833 | Orc:2    | Found Seala's Jewellery Shop.
 13833 | Orc:2    | Found a staircase to the Elven Halls.
 13843 | Orc:1    | Received a gift from Trog
 14294 | Orc:2    | Noticed an orc high priest
 14590 | Orc:2    | Noticed a sun demon
 14642 | Orc:1    | Killed an orc high priest
 14659 | Orc:2    | Noticed an orc sorcerer
 14661 | Orc:2    | Noticed a soul eater
 14661 | Orc:2    | Noticed an orc sorcerer
 14774 | Orc:2    | Paralysed by an orc sorcerer for 5 turns
 14781 | Orc:2    | Killed an orc sorcerer
 14792 | Orc:2    | Noticed a sun demon
 14957 | Orc:2    | Killed an orc sorcerer
 14969 | Orc:2    | Reached XP level 12. HP: 48/119 MP: 11/11
 16363 | Orc:2    | Reached skill level 17 in Fighting
 16567 | Orc:2    | Noticed an orc high priest
 16660 | Orc:2    | Killed an orc high priest
 16706 | Orc:2    | Found Hicwok Bine's Antique Armour Shoppe.
 16707 | Orc:2    | Found Kiemmi's Antique Armour Shoppe.
 16715 | Orc:2    | Found Dybeq's Antique Weapon Emporium.
 16723 | Orc:2    | Found Ygiaxuil's General Store.
 16738 | Orc:2    | Paralysed by an orc sorcerer for 3 turns
 16742 | Orc:2    | Gained mutation: Your magical capacity is low. (-10% MP) [a
                  | neqoxec]
 16972 | Orc:2    | Noticed an orc high priest
 16984 | Orc:2    | Killed an orc high priest
 17584 | D:11     | Noticed Sonja
 17588 | D:11     | Sonja changed into Sonja the hound
 17588 | D:11     | Noticed Sonja
 17590 | D:11     | Killed Sonja the hound
 18485 | D:12     | Lost mutation: Your magical capacity is low. (-10% MP)
                  | [potion of mutation]
 18485 | D:12     | Gained mutation: You expend magic power (3 MP) to
                  | strengthen your wands. [potion of mutation]
 18485 | D:12     | Gained mutation: You are strong-willed. (Will+) [potion of
                  | mutation]
 18485 | D:12     | Gained mutation: You occasionally lose the ability to drink
                  | potions when taking damage. [potion of mutation]
 18486 | D:12     | Lost mutation: You occasionally lose the ability to drink
                  | potions when taking damage. [potion of mutation]
 18486 | D:12     | Lost mutation: You expend magic power (3 MP) to strengthen
                  | your wands. [potion of mutation]
 18486 | D:12     | Gained mutation: You are highly strong-willed. (Will++)
                  | [potion of mutation]
 18486 | D:12     | Gained mutation: Your body sometimes deteriorates upon
                  | taking damage. [potion of mutation]
 18486 | D:12     | Gained mutation: Potions are less effective at restoring
                  | your health. [potion of mutation]
 18486 | D:12     | Gained mutation: You are robust. (+10% HP) [potion of
                  | mutation]
 18487 | D:12     | Lost mutation: You are highly strong-willed. (Will++)
                  | [potion of mutation]
 18487 | D:12     | Lost mutation: You are strong-willed. (Will+) [potion of
                  | mutation]
 18487 | D:12     | Gained mutation: You are clumsy. (Dex -2) [potion of
                  | mutation]
 18487 | D:12     | Gained mutation: Your magical capacity is low. (-10% MP)
                  | [potion of mutation]
 18487 | D:12     | Gained mutation: You are very robust. (+20% HP) [potion of
                  | mutation]
 18487 | D:12     | Gained mutation: You have very sharp teeth. [potion of
                  | mutation]
 18488 | D:12     | Lost mutation: Your magical capacity is low. (-10% MP)
                  | [potion of mutation]
 18488 | D:12     | Lost mutation: Potions are less effective at restoring your
                  | health. [potion of mutation]
 18488 | D:12     | Lost mutation: You are very robust. (+20% HP) [potion of
                  | mutation]
 18488 | D:12     | Lost mutation: You are robust. (+10% HP) [potion of
                  | mutation]
 18488 | D:12     | Gained mutation: You occasionally shout uncontrollably at
                  | your foes. [potion of mutation]
 18827 | D:12     | You are sucked into a shaft and drop 3 floors!
 18827 | D:15     | Entered Level 15 of the Dungeon
 18837 | D:15     | Noticed a tengu warrior
 18854 | D:14     | Noticed a boulder beetle
 18857 | D:14     | Noticed a tengu warrior
 19172 | D:13     | Noticed a four-headed hydra
 19172 | D:13     | Noticed a centaur warrior
 19172 | D:13     | Noticed a boulder beetle
 19172 | D:13     | Noticed an ogre mage
 19193 | D:13     | Killed an eight-headed hydra
 19202 | D:13     | Killed a centaur warrior
 19206 | D:13     | Killed an ogre mage
 19207 | D:13     | Reached skill level 10 in Axes
 19214 | D:13     | Reached XP level 13. HP: 40/133 MP: 12/12
 19221 | D:13     | Found a portal to a secret trove of treasure.
 19907 | D:13     | Found an ancient bone altar of Kikubaaqudgha.
 20098 | D:13     | Reached skill level 10 in Dodging
 20149 | D:13     | Killed from afar by a deep elf zephyrmancer

Illustrated notes

Levels and vault maps discovered:
D:1:      heliophobic_arrival_henge, layout_basic, minmay_pentomino_q2
D:2:      layout_loops_corners, minmay_misc_feat_ornament
D:3:      layout_basic, nicolae_ru_awakened_eye, serial_shops,
          nicolae_square_shop, minmay_quadrilaterals, uniq_ijyb, uniq_terence
D:4:      layout_cave_pools, yredelemnul_forgotten_temple_becter,
          minmay_temple_entry_waves, uniq_blork_the_orc
D:5:      layout_cave_pools, nicolae_ossuary_entry_ruins, lightli_minifort,
          uniq_prince_ribbit1, uniq_edmund
D:6:      layout_gridville, chequers_temple_overflow_statue_of_worship,
          grunt_ministairs_8
D:7:      layout_loops_ring, mainiacjoe_overflow_alcove_2,
          grunt_temple_overflow_cloverleaf, mainiacjoe_overflow_paths
D:8:      layout_gridville, marbit_many_paths, erik_lair_orcish_takeover,
          uniq_joseph
D:9:      layout_stronghold, hellmonk_okawaru_the_only_friend_you_need,
          grunt_dithmenos_shadows, david_orc_4, serial_shops, shop,
          nicolae_shop_advertising_works [nicolae_subvault_shop_adworks],
          nicolae_shop_stone, nicolae_shop_trees, kennysheep_mini_moat
D:10:     layout_basic
D:11:     layout_basic, serial_shops, nicolae_shop_waterfront, uniq_maurice,
          uniq_sonja
D:12:     layout_gridville
D:13:     minmay_the_grid_triangle_9x9_rhombus_thin
          [minmay_the_grid_triangle_9x9_impossible_snake,
          minmay_the_grid_triangle_9x9_prize_top_heavy,
          minmay_the_grid_triangle_9x9_intruding_spiral,
          minmay_the_grid_triangle_9x9_corrupted_corridor], layout_cave_pools,
          nicolae_trove_entry_free_sample, kiku_gazebo_garden_becter
D:14:     regret_index_bee_streams, layout_cave_pools,
          ximxim_vaults_locker_room, minmay_misc_feat_tiny,
          nzn_wu_jian_contemplation, uniq_nessos
D:15:     grunt_enter_depths_hoard, layout_loops_ring,
          portal_ice_cave_entry_pillars_2,
          nicolae_gozag_cash_rules_everything_around_me
Orc:1:    layout_caves, nicolae_volcano_entry_two_sided,
          hellmonk_bongcloud_opening
Orc:2:    st_orc_mages, layout_caves, nicolae_orc_damp_corner,
          minmay_shop_enchanted_jewellery, minmay_orc_temple_c

Skill      XL: |  1  2  3  4  5  6  7  8  9 10 11 12 13 |
---------------+----------------------------------------+-----
Fighting       | 4 5 6 7 8 9 11 13 14 15 16 17 | 17.6
Armour         | 4 8 10 12 14 | 14.7
Dodging        | 3 5 7 8 9 10 | 10.0
Stealth        | 1 2 |  2.2
Axes           | 7 10 | 10.7

Action                     |  1- 3 |  4- 6 |  7- 9 | 10-12 | 13-15 || total
---------------------------+-------+-------+-------+-------+-------++-------
  Melee: Hand axe          |    73 |   111 |   148 |       |       ||   332
         Headbutt          |    15 |    17 |    66 |   136 |    29 ||   263
         Unarmed           |       |     3 |       |       |       ||     3
         War axe           |       |       |    55 |   461 |    72 ||   588
         Bite              |       |       |       |     9 |    12 ||    21
 Invoke: Berserk           |       |     2 |     3 |     9 |       ||    14
  Evoke: Wand              |       |       |     5 |     3 |     4 ||    12
         Piece from Xom's  |       |       |       |     1 |       ||     1
    Use: Scroll            |       |     7 |     7 |     8 |     6 ||    28
         Potion            |       |       |     1 |     8 |     4 ||    13
 Armour: Animal skin       |     6 |       |       |       |       ||     6
         Ring mail         |     6 |     8 |       |       |       ||    14
         Scale mail        |       |    35 |     5 |       |       ||    40
         Chain mail        |       |       |    71 |       |       ||    71
         Plate armour      |       |       |    62 |   424 |    69 ||   555
  Dodge: Dodged            |    33 |   102 |   119 |   382 |    57 ||   693

Table legend: (Time is in decaauts)
 A = Elapsed time spent in this place.
 B = Non-inter-level travel time spent in this place.
 C = Inter-level travel time spent in this place.
 D = Time resting spent in this place.
 E = Time spent auto-exploring this place.
 F = Levels seen in this place.
 G = Mean time per level.
                   A        B        C        D        E       F      G
               +--------+--------+--------+--------+--------+-----+--------+
         Total |  20428 |  18117 |   2311 |   5664 |      0 |  19 | 1075.2 |
       Dungeon |  15349 |  13302 |   2047 |   2857 |      0 |  15 | 1023.3 |
  Orcish Mines |   4625 |   4362 |    263 |   2633 |      0 |   2 | 2312.5 |
       Ossuary |    447 |    447 |      0 |    174 |      0 |   1 |  447.0 |
       Volcano |      5 |      5 |      0 |      0 |      0 |   1 |    5.0 |
               +--------+--------+--------+--------+--------+-----+--------+

Top non-repeatable levels by time:
   Orc:1: 3277 daAuts
     D:6: 1866 daAuts
     D:9: 1820 daAuts
    D:10: 1395 daAuts
   Orc:2: 1348 daAuts
     D:3: 1208 daAuts
    D:12: 1160 daAuts
    D:11: 1127 daAuts
    D:13: 1075 daAuts
     D:2: 1074 daAuts
     D:1: 1046 daAuts
     D:7: 962 daAuts
     D:5: 913 daAuts
     D:4: 833 daAuts
     D:8: 831 daAuts
